[ AOE2 MATCH · #493763473 ]
UnrankedWei vs Cumans
Player's team · WIN
Rival team · LOSS
[ REPLAY ANALYSIS · EXTRACTED FROM THE RECORDED GAME ]
Feudal
11:21
Castle
14:51
Imperial
—
| APM avg | 75.3 |
| APM peak | 135 |
| eAPM avg | 41.6 |
| Villagers / military | 74 / 6 |
Focus
⚔️ 65.1% · 🌾 34.9%
Unknown (1952) ×24 · Unknown (1949) ×21 · Mangonel ×6
Feudal
8:52
Castle
20:30
Imperial
—
| APM avg | 43.7 |
| APM peak | 70 |
| eAPM avg | 20.3 |
| Villagers / military | 86 / 20 |
Focus
⚔️ 32.3% · 🌾 67.7%
Monk ×12 · Spearman ×4 · Scout Cavalry ×2 · Knight ×1 · Mangonel ×1
Match map
Initial resources + every placement click. Lines = walls · curves = elevation contours. ◆ gold · ⬟ stone · ● berries · ✦ relic · ◌ wall gap
Your base· Open — unwalled flank
OS+ | TeoX's base· ✓ Closed at 20:30 · 86t walls · no gate
Smoothed initial terrain · ◌ = detected wall gap · hover for details
Inputs per minute
— twitch.tv/s0laf1d3 - - OS+ | TeoX
Build order — twitch.tv/s0laf1d3
First 150 of 202 actions detected
| 0:01 | Create | Villager (Male) ×4 |
| 0:02 | Build | House |
| 0:02 | Build | House |
| 1:27 | Create | Villager (Male) |
| 1:50 | Build | Lumber Camp |
| 1:59 | Create | Villager (Male) |
| 2:16 | Create | Villager (Male) |
| 2:52 | Create | Villager (Male) |
| 3:15 | Create | Villager (Male) |
| 3:36 | Build | House |
| 3:38 | Build | House |
| 3:39 | Build | House |
| 3:44 | Create | Villager (Male) |
| 4:06 | Create | Villager (Male) |
| 4:23 | Create | Villager (Male) |
| 4:45 | Create | Villager (Male) |
| 5:20 | Create | Villager (Male) |
| 5:48 | Create | Villager (Male) |
| 6:09 | Create | Villager (Male) |
| 6:10 | Create | Villager (Male) |
| 6:29 | Build | Mill |
| 6:59 | Create | Villager (Male) |
| 7:29 | Create | Villager (Male) |
| 7:53 | Create | Villager (Male) |
| 8:07 | Build | Mill |
| 8:16 | Create | Villager (Male) |
| 8:27 | Build | Palisade Wall |
| 8:30 | Research | Loom |
| 8:31 | Research | Feudal Age |
| 8:38 | Build | Palisade Wall |
| 8:39 | Build | Palisade Wall |
| 8:46 | Build | Palisade Wall |
| 8:47 | Build | Palisade Wall |
| 9:11 | Build | Palisade Wall |
| 9:15 | Build | House |
| 9:35 | Build | Farm |
| 9:54 | Create | Villager (Male) |
| 9:54 | Create | Villager (Male) |
| 11:21 | Age | Feudal Age |
| 11:22 | Build | Market |
| 11:26 | Build | Blacksmith |
| 11:56 | Build | Farm |
| 12:06 | Research | Castle Age |
| 12:06 | Research | Castle Age |
| 12:17 | Build | Mining Camp |
| 12:50 | Build | Palisade Wall |
| 12:52 | Build | Palisade Wall |
| 13:40 | Build | House |
| 13:56 | Build | Farm |
| 13:57 | Create | Villager (Male) |
| 13:59 | Build | Farm |
| 14:48 | Build | Farm |
| 14:51 | Research | Double-Bit Axe |
| 14:51 | Research | Double-Bit Axe |
| 14:51 | Age | Castle Age |
| 15:31 | Create | Villager (Male) |
| 15:47 | Build | Castle |
| 15:52 | Create | Villager (Male) |
| 16:50 | Create | Villager (Male) |
| 16:53 | Create | Unit 1949 |
| 16:53 | Create | Unit 1949 |
| 16:53 | Create | Unit 1949 |
| 16:54 | Create | Villager (Male) |
| 17:01 | Build | Mining Camp |
| 17:14 | Build | Mining Camp |
| 17:21 | Create | Villager (Male) |
| 17:28 | Build | Farm |
| 17:47 | Build | Farm |
| 17:52 | Build | Farm |
| 18:07 | Create | Unit 1949 |
| 18:08 | Create | Unit 1949 |
| 18:32 | Create | Unit 1949 |
| 18:32 | Create | Unit 1949 |
| 18:54 | Build | Mining Camp |
| 19:03 | Create | Villager (Male) |
| 19:24 | Create | Unit 1949 |
| 19:25 | Create | Villager (Male) |
| 19:43 | Create | Villager (Male) |
| 20:25 | Create | Villager (Male) |
| 20:31 | Build | Farm |
| 20:32 | Create | Unit 1949 |
| 20:49 | Create | Unit 1949 |
| 20:55 | Build | Farm |
| 21:12 | Research | Scale Barding Armor |
| 21:12 | Research | Scale Barding Armor |
| 21:29 | Create | Villager (Male) |
| 21:53 | Create | Unit 1949 |
| 22:03 | Create | Unit 1949 |
| 22:12 | Build | Farm |
| 22:13 | Build | Farm |
| 22:15 | Build | Farm |
| 22:17 | Create | Unit 1949 |
| 22:17 | Create | Unit 1949 |
| 22:20 | Create | Villager (Male) |
| 22:38 | Create | Villager (Male) |
| 22:40 | Build | Farm |
| 23:17 | Create | Unit 1949 |
| 23:18 | Create | Villager (Male) |
| 23:26 | Create | Unit 1949 |
| 23:26 | Create | Villager (Male) |
| 23:38 | Create | Villager (Male) |
| 23:52 | Create | Villager (Male) |
| 24:03 | Create | Unit 1949 |
| 24:44 | Build | Mill |
| 24:46 | Build | Barracks |
| 24:47 | Create | Villager (Male) |
| 25:00 | Research | Wheelbarrow |
| 25:00 | Research | Wheelbarrow |
| 25:07 | Research | Horse Collar |
| 25:08 | Research | Horse Collar |
| 25:20 | Research | Gold Mining |
| 25:28 | Create | Villager (Male) |
| 25:55 | Create | Villager (Male) |
| 25:57 | Create | Unit 1949 |
| 26:00 | Build | Archery Range |
| 26:12 | Create | Villager (Male) |
| 26:26 | Build | Lumber Camp |
| 26:28 | Build | House |
| 26:30 | Create | Villager (Male) |
| 26:40 | Build | Lumber Camp |
| 26:48 | Research | Fletching |
| 27:04 | Create | Villager (Male) |
| 27:10 | Create | Unit 1952 |
| 27:16 | Create | Villager (Male) |
| 27:33 | Build | Siege Workshop |
| 28:13 | Create | Villager (Male) |
| 28:14 | Create | Unit 1952 |
| 28:17 | Create | Villager (Male) |
| 28:25 | Create | Unit 1952 |
| 28:27 | Create | Villager (Male) |
| 28:27 | Build | Archery Range |
| 28:29 | Create | Villager (Male) |
| 28:33 | Research | Forging |
| 28:33 | Research | Forging |
| 28:43 | Create | Unit 1952 |
| 28:48 | Create | Unit 1952 |
| 28:49 | Create | Villager (Male) |
| 28:50 | Build | House |
| 28:50 | Build | House |
| 28:51 | Build | House |
| 28:52 | Create | Villager (Male) |
| 29:01 | Create | Unit 1952 |
| 29:23 | Create | Unit 1949 |
| 29:24 | Create | Unit 1952 |
| 29:24 | Create | Villager (Male) |
| 29:25 | Create | Unit 1952 |
| 29:37 | Create | Unit 1952 |
| 29:38 | Create | Villager (Male) |
| 29:49 | Create | Unit 1952 |
| 29:54 | Create | Unit 1952 |
Build order — OS+ | TeoX
First 150 of 229 actions detected
| 0:00 | Create | Villager (Male) |
| 0:01 | Create | Villager (Male) |
| 0:02 | Build | House |
| 0:03 | Build | House |
| 0:12 | Create | Villager (Male) |
| 0:12 | Create | Villager (Male) |
| 1:24 | Create | Villager (Male) |
| 1:47 | Build | Lumber Camp |
| 2:01 | Create | Villager (Male) |
| 2:02 | Create | Villager (Male) |
| 2:17 | Create | Villager (Male) |
| 2:17 | Create | Villager (Male) |
| 2:52 | Create | Villager (Male) |
| 3:20 | Create | Villager (Male) |
| 3:20 | Create | Villager (Male) |
| 3:43 | Create | Villager (Male) |
| 3:52 | Build | House |
| 4:09 | Create | Villager (Male) |
| 4:27 | Create | Villager (Male) |
| 4:48 | Create | Villager (Male) |
| 4:56 | Create | Villager (Male) |
| 4:57 | Create | Villager (Male) |
| 5:06 | Build | Mill |
| 5:20 | Create | Villager (Male) |
| 5:48 | Research | Loom |
| 6:15 | Create | Villager (Male) |
| 6:42 | Research | Feudal Age |
| 7:16 | Build | Barracks |
| 7:36 | Build | House |
| 7:38 | Build | Palisade Wall |
| 7:39 | Build | Palisade Wall |
| 7:45 | Build | Palisade Wall |
| 8:16 | Build | Mill |
| 8:50 | Create | Villager (Male) |
| 8:52 | Age | Feudal Age |
| 8:57 | Build | Stable |
| 9:03 | Research | Double-Bit Axe |
| 9:14 | Create | Villager (Male) |
| 9:19 | Build | Palisade Wall |
| 9:23 | Create | Villager (Male) |
| 9:29 | Research | Horse Collar |
| 9:48 | Build | Farm |
| 9:58 | Build | Farm |
| 10:00 | Create | Villager (Male) |
| 10:09 | Create | Scout Cavalry |
| 10:16 | Build | Farm |
| 10:24 | Build | Palisade Wall |
| 10:29 | Create | Villager (Male) |
| 10:37 | Build | Palisade Wall |
| 10:42 | Create | Villager (Male) |
| 10:54 | Build | Palisade Wall |
| 11:00 | Build | House |
| 11:03 | Research | Town Watch |
| 11:15 | Build | Farm |
| 11:18 | Build | Farm |
| 11:26 | Create | Scout Cavalry |
| 11:44 | Create | Villager (Male) |
| 12:01 | Create | Spearman |
| 12:03 | Create | Villager (Male) |
| 12:06 | Build | House |
| 12:12 | Build | Farm |
| 12:26 | Build | Palisade Wall |
| 12:36 | Create | Villager (Male) |
| 12:39 | Build | Farm |
| 12:42 | Build | Farm |
| 12:45 | Build | Farm |
| 12:56 | Build | Watch Tower |
| 12:58 | Create | Villager (Male) |
| 13:05 | Create | Villager (Male) |
| 13:18 | Build | House |
| 13:28 | Build | Farm |
| 13:29 | Create | Villager (Male) |
| 13:36 | Build | Palisade Wall |
| 13:40 | Build | Palisade Wall |
| 13:41 | Build | Palisade Wall |
| 13:46 | Build | Palisade Wall |
| 13:47 | Build | Palisade Wall |
| 13:52 | Create | Villager (Male) |
| 13:58 | Build | Farm |
| 14:18 | Build | House |
| 14:27 | Build | Farm |
| 14:32 | Build | Palisade Wall |
| 14:34 | Build | Palisade Wall |
| 14:39 | Create | Villager (Male) |
| 14:41 | Build | Mining Camp |
| 14:41 | Create | Villager (Male) |
| 15:02 | Create | Villager (Male) |
| 15:06 | Create | Villager (Male) |
| 15:09 | Build | Mining Camp |
| 15:32 | Create | Villager (Male) |
| 16:08 | Create | Villager (Male) |
| 16:11 | Build | Market |
| 16:48 | Build | Mining Camp |
| 16:52 | Build | Palisade Wall |
| 16:57 | Build | Palisade Wall |
| 17:21 | Build | Watch Tower |
| 17:25 | Build | Palisade Wall |
| 17:27 | Build | Palisade Wall |
| 17:29 | Build | Palisade Wall |
| 17:32 | Build | Palisade Wall |
| 17:33 | Build | Palisade Wall |
| 17:34 | Build | Palisade Wall |
| 17:45 | Build | Palisade Wall |
| 17:50 | Research | Castle Age |
| 18:14 | Research | Gold Mining |
| 18:18 | Build | House |
| 18:19 | Build | Palisade Wall |
| 18:55 | Build | House |
| 18:58 | Build | Palisade Wall |
| 19:15 | Create | Villager (Male) |
| 19:19 | Build | Blacksmith |
| 19:59 | Build | House |
| 20:01 | Build | House |
| 20:02 | Build | Palisade Wall |
| 20:03 | Build | Palisade Wall |
| 20:06 | Create | Spearman |
| 20:24 | Research | Fletching |
| 20:27 | Create | Spearman |
| 20:28 | Create | Spearman |
| 20:30 | Age | Castle Age |
| 20:30 | Build | Palisade Wall |
| 21:01 | Build | Palisade Wall |
| 21:06 | Create | Villager (Male) |
| 21:23 | Build | Palisade Wall |
| 21:24 | Build | Palisade Wall |
| 21:25 | Create | Villager (Male) |
| 21:28 | Build | Monastery |
| 21:28 | Create | Villager (Male) |
| 21:43 | Build | Palisade Wall |
| 21:51 | Create | Monk |
| 22:21 | Create | Villager (Male) |
| 22:30 | Build | Monastery |
| 22:38 | Create | Monk |
| 22:46 | Create | Villager (Male) |
| 22:52 | Create | Villager (Male) |
| 23:00 | Build | House |
| 23:24 | Create | Villager (Male) |
| 23:34 | Build | Palisade Wall |
| 23:40 | Create | Villager (Male) |
| 23:50 | Build | Farm |
| 23:50 | Build | Farm |
| 23:50 | Build | Farm |
| 23:50 | Build | Farm |
| 23:51 | Create | Villager (Male) |
| 24:06 | Build | Lumber Camp |
| 24:12 | Create | Monk |
| 24:38 | Build | Palisade Wall |
| 24:49 | Create | Villager (Male) |
| 24:57 | Create | Villager (Male) |
| 25:23 | Build | House |
Match timeline
| 7:16 | OS+ | TeoX · first_building Barracks |
| 7:38 | OS+ | TeoX · wall_segment Palisade Wall x1 |
| 7:39 | OS+ | TeoX · wall_segment Palisade Wall x1 |
| 7:45 | OS+ | TeoX · wall_segment Palisade Wall x7 |
| 8:27 | twitch.tv/s0laf1d3 · wall_segment Palisade Wall x9 |
| 8:38 | twitch.tv/s0laf1d3 · wall_segment Palisade Wall x3 |
| 8:39 | twitch.tv/s0laf1d3 · wall_segment Palisade Wall x11 |
| 8:46 | twitch.tv/s0laf1d3 · wall_segment Palisade Wall x1 |
| 8:47 | twitch.tv/s0laf1d3 · wall_segment Palisade Wall x1 |
| 8:52 | OS+ | TeoX · age_up feudal |
| 8:57 | OS+ | TeoX · first_building Stable |
| 9:11 | twitch.tv/s0laf1d3 · wall_segment Palisade Wall x3 |
| 9:19 | OS+ | TeoX · wall_segment Palisade Wall x1 |
| 10:24 | OS+ | TeoX · wall_segment Palisade Wall x3 |
| 10:37 | OS+ | TeoX · wall_segment Palisade Wall x9 |
| 10:54 | OS+ | TeoX · wall_segment Palisade Wall x18 |
| 11:21 | twitch.tv/s0laf1d3 · age_up feudal |
| 12:04 | twitch.tv/s0laf1d3 · first_market_sell 100 stone |
| 12:26 | OS+ | TeoX · wall_segment Palisade Wall x5 |
| 12:50 | twitch.tv/s0laf1d3 · wall_segment Palisade Wall x1 |
| 12:52 | twitch.tv/s0laf1d3 · wall_segment Palisade Wall x1 |
| 13:36 | OS+ | TeoX · wall_segment Palisade Wall x1 |
| 13:40 | OS+ | TeoX · wall_segment Palisade Wall x1 |
| 13:41 | OS+ | TeoX · wall_segment Palisade Wall x1 |
| 13:46 | OS+ | TeoX · wall_segment Palisade Wall x1 |
| 13:47 | OS+ | TeoX · wall_segment Palisade Wall x1 |
| 14:32 | OS+ | TeoX · wall_segment Palisade Wall x1 |
| 14:34 | OS+ | TeoX · wall_segment Palisade Wall x1 |
| 14:51 | twitch.tv/s0laf1d3 · age_up castle |
| 15:47 | twitch.tv/s0laf1d3 · first_building Castle |
| 16:52 | OS+ | TeoX · wall_segment Palisade Wall x5 |
| 16:57 | OS+ | TeoX · wall_segment Palisade Wall x9 |
| 17:18 | OS+ | TeoX · first_market_buy 100 stone |
| 17:25 | OS+ | TeoX · wall_segment Palisade Wall x1 |
| 17:27 | OS+ | TeoX · wall_segment Palisade Wall x1 |
| 17:29 | OS+ | TeoX · wall_segment Palisade Wall x1 |
| 17:32 | OS+ | TeoX · wall_segment Palisade Wall x1 |
| 17:33 | OS+ | TeoX · wall_segment Palisade Wall x1 |
| 17:34 | OS+ | TeoX · wall_segment Palisade Wall x1 |
| 17:45 | OS+ | TeoX · wall_segment Palisade Wall x7 |
| 18:19 | OS+ | TeoX · wall_segment Palisade Wall x5 |
| 18:58 | OS+ | TeoX · wall_segment Palisade Wall x2 |
| 20:02 | OS+ | TeoX · wall_segment Palisade Wall x1 |
| 20:03 | OS+ | TeoX · wall_segment Palisade Wall x1 |
| 20:30 | OS+ | TeoX · age_up castle |
| 20:30 | OS+ | TeoX · wall_segment Palisade Wall x4 |
| 21:01 | OS+ | TeoX · wall_segment Palisade Wall x1 |
| 21:10 | twitch.tv/s0laf1d3 · first_market_buy 100 food |
| 21:23 | OS+ | TeoX · wall_segment Palisade Wall x1 |
| 21:24 | OS+ | TeoX · wall_segment Palisade Wall x1 |
| 21:28 | OS+ | TeoX · first_building Monastery |
| 21:43 | OS+ | TeoX · wall_segment Palisade Wall x4 |
| 22:11 | OS+ | TeoX · first_market_sell 100 stone |
| 23:34 | OS+ | TeoX · wall_segment Palisade Wall x3 |
| 24:38 | OS+ | TeoX · wall_segment Palisade Wall x1 |
| 24:46 | twitch.tv/s0laf1d3 · first_building Barracks |
| 26:00 | twitch.tv/s0laf1d3 · first_building Archery Range |
| 26:10 | OS+ | TeoX · wall_segment Palisade Wall x1 |
| 27:33 | twitch.tv/s0laf1d3 · first_building Siege Workshop |
| 27:51 | OS+ | TeoX · wall_segment Palisade Wall x2 |
| 28:10 | OS+ | TeoX · wall_segment Palisade Wall x1 |
| 28:10 | OS+ | TeoX · wall_segment Palisade Wall x1 |
| 28:43 | OS+ | TeoX · wall_segment Palisade Wall x1 |
| 32:38 | OS+ | TeoX · first_building Siege Workshop |
| 34:36 | OS+ | TeoX · resign |
[ AI ANALYSIS · 1 CREDIT ]
What really happened in this match?
Wolo.gg analyzes every decision: build order, eco, micro, common mistakes by bracket. Personalized analysis on WhatsApp or Discord in 30 seconds.
Civ guide
Wei
Perfil
Jugador #20383862